[Event "3rd Sharjah Challengers 2023"]
[Site "Sharjah"]
[Date "2023.05.23"]
[Round "7.8"]
[White "Eiti, Bashir"]
[Black "Burmakin, Vladimir"]
[Result "1-0"]
[ECO "A17"]
[WhiteElo "2346"]
[BlackElo "2496"]
[Annotator "TA"]
[PlyCount "154"]
[EventDate "2023.05.16"]
[EventType "swiss"]
[EventCountry "UAE"]
[SourceTitle "playchess.com"]
[Source "ChessBase"]
[SourceQuality "1"]
[TimeControl "5400+30"]

1. c3 d5 2. g3 e5 3. Bg2 Nf6 4. d4 exd4 5. cxd4 h6 6. Nc3 Be7 7. Nf3 c6 8. O-O Bf5 9. a3 O-O 10. b4 {[%emt 0:02:08] A17: English Opening: 1...Nf6 with ...Bb4.} Ne4 11. Bb2 a5 12. b5 {[%emt 0:10:14] [#] The position is equal.} Qb6 $146 ({Predecessor:} 12... Nd7 13. bxc6 bxc6 14. Nxe4 Bxe4 15. Ne5 Nxe5 16. dxe5 Bxg2 17. Kxg2 c5 18. e3 a4 19. Qg4 Qb6 20. Rab1 Qe6 21. Qf3 f6 22. exf6 Bxf6 23. Bxf6 Rxf6 24. Rb5 Rxf3 {0-1 Cadena,R (1830)-Motta Leon,G (2045) Bogota McGregor op 4th 2013 (9)}) 13. Ne5 Nxc3 (13... cxb5 $2 14. Nxd5 Qd8 15. Qb3 $18) 14. Bxc3 Qxb5 15. g4 Bh7 16. f4 f6 17. a4 Qb6 18. Nf3 ({White should play} 18. Nd3) 18... Na6 $17 19. f5 Rae8 20. Rb1 Bb4 21. Ne1 Qc7 22. Bb2 (22. Bxb4 $17 Nxb4 23. Nd3) 22... Bd6 23. h3 Qe7 24. Bf3 Nb4 25. Ng2 (25. Bc1 $17) 25... g5 26. fxg6 Bxg6 27. Nh4 Bh7 $40 {[%emt 0:06:12][%mdl 128] Black goes for the king.} (27... Bxb1 $2 28. Qxb1 Qh7 29. Nf5 $19) 28. Nf5 $2 (28. Kh1 {is a better chance.}) 28... Bxf5 $19 29. gxf5 Kh7 {[%emt 0:00:09] [#] Hoping for ...Rg8+.} 30. Kh1 Rg8 {[%emt 0:00:06] Strongly threatening ...Rg3.} 31. Rg1 Qe3 32. Rg6 Qf4 33. Qg1 {[%emt 0:03:16] Repels Qh2+} Qxf5 34. Rg4 Rxg4 $2 (34... h5 35. Rh4 Rxg1+ 36. Rxg1 Re3 37. Rxh5+ Qxh5 {[%mdl 64] Remove Defender} 38. Bxh5 Rxh3+ 39. Kg2 Rxh5) 35. hxg4 Qg5 36. Qf2 {[%emt 0:01:02] Wards off Qh4+} (36. Bc1 $142 Bf4 37. Bxf4 Qxf4 38. Rb3) 36... Bf4 {[%emt 0:01:06] [#] And now ...f5 would win.} 37. Bc3 (37. Rf1 $142 Nc2 38. Bg2) 37... Bd2 $2 (37... f5 38. Rg1 Be3) 38. Bxd2 Qxd2 39. Kg2 $2 (39. g5 {was necessary.} Qf4 40. gxf6) 39... Re7 40. Rh1 Nc2 41. Qh4 Qg5 (41... Qxd4 $2 {gets mated.} 42. Qxh6+ Kg8 43. Qg6+ Rg7 44. Qe8#) (41... Nxd4 42. Qxf6 Rxe2+ 43. Kg3 $11 (43. Bxe2 Qxe2+ 44. Kg3 Qe3+ 45. Kh2 Ne6 $11)) 42. Qg3 Nxd4 43. Rh5 (43. Qd6 $142 Nf5 44. Qc5) 43... Qe3 44. g5 fxg5 45. Qh3 g4 (45... Nxe2 46. Rxh6+ Kg7 47. Rh7+ Kg6 48. Qh6+ Kf5 49. Qf8+ Ke5 50. Rxe7+ Kd4 51. Rxe3) 46. Bxg4 Qxh3+ (46... Nxe2 $2 {too greedy.} 47. Qxe3 Rxe3 48. Kf2 $19) 47. Rxh3 Nxe2 {[%emt 0:00:00][%mdl 4096] Endgame KRB-KRN} 48. Rb3 Nd4 49. Rb6 Rc7 {[%emt 0:00:00] Against Bc8} 50. Kf2 Kg6 51. Ke3 Kg5 52. Bh3 Nf5+ 53. Kd3 Re7 54. Kc2 h5 {[%emt 0:00:00][%cal Bh6h5,Bh5h4][%mdl 32] White must now prevent ...Ne3+.} 55. Kd2 h4 56. Rb1 Ng3 {[%emt 0:00:00] Threatens to win with ...Ne4+.} 57. Bc8 Rc7 58. Bh3 Kf4 59. Kd3 Ke5 60. Re1+ Ne4 61. Rf1 Rg7 62. Rf5+ Kd6 63. Kc2 Rg3 64. Bf1 Ra3 {[%emt 0:01:02] aiming for ...h3.} 65. Rh5 Ng3 66. Rh6+ Kc5 67. Bh3 Rxa4 68. Bc8 Rc4+ 69. Kd3 b5 {[%emt 0:00:55][%cal Bb7b5,Bb5c4][%mdl 32] ...a4 would be deadly.} 70. Bd7 Kb6 71. Be6 a4 {[%emt 0:00:44] ( -> ...a3)} 72. Rg6 a3 {[%emt 0:01:14] Black mates.} 73. Bxd5 a2 74. Bxc4 bxc4+ ({Weaker is} 74... a1=B 75. Bd5 $16) 75. Kd2 a1=Q 76. Kc2 Qa2+ 77. Kc3 Qb3+ {[%emt 0:00:09][%mdl 32768] Weighted Error Value: White=0.78/Black=0.51. Loss on time!?} 1-0

[Event "3rd Sharjah Challengers 2023"]
[Site "Sharjah"]
[Date "2023.05.23"]
[Round "7.9"]
[White "Vorobiov, Evgeny E."]
[Black "Tissir, Mohamed"]
[Result "0-1"]
[ECO "A43"]
[WhiteElo "2483"]
[BlackElo "2354"]
[Annotator "TA"]
[PlyCount "91"]
[EventDate "2023.05.16"]
[EventType "swiss"]
[EventCountry "UAE"]
[SourceTitle "playchess.com"]
[Source "ChessBase"]
[SourceQuality "1"]
[TimeControl "5400+30"]

1. d4 e6 2. c4 c5 3. d5 exd5 4. cxd5 d6 5. Nc3 Ne7 6. Nf3 {[%emt 0:16:10] A43: Schmid Benoni.} a6 (6... Nd7 $14 {should be considered.}) 7. e4 Ng6 8. h4 {[%emt 0:04:00][%cal Bh2h4,Bh4h5][%mdl 32] White is slightly better.} Nd7 {[%emt 0:00:07] [#]} 9. h5 $146 ({Predecessor:} 9. a4 h6 10. Be2 Be7 11. h5 Nge5 12. Nd2 O-O 13. f4 Bh4+ 14. Kf1 Qf6 15. Nc4 Nxc4 16. Bxc4 {½-½ Garcia Ortega Mendez,J (2102)-Portalo Calero,F (1967) Extremadura-ch 2007 (2)}) 9... Nge5 10. Nxe5 dxe5 {[%emt 0:02:41] Black is weak on the light squares} (10... Nxe5 $14 11. f4 Nd7) 11. a4 h6 12. Be2 Bd6 13. Bg4 (13. Be3 $16) 13... Rb8 14. Ne2 c4 15. Ng3 Nc5 (15... Bb4+ $14 16. Kf1 O-O) 16. O-O (16. Bxc8 $1 $16 {Hoping for Bg4.} Nd3+ 17. Kf1 Rxc8 18. Qg4) 16... O-O (16... Nb3 $11) 17. Bxc8 $14 Rxc8 18. Qg4 Kh8 19. Be3 (19. Nf5 Qf6 $14) 19... Nd3 20. Rab1 (20. Nf5 $5 Qf6 21. Qe2 $14) 20... Qf6 21. Nf5 b5 22. axb5 axb5 23. g3 (23. Ra1 $16 {And now Ra6 would win.} Ra8 24. Qe2) 23... b4 (23... Bc5 $11 {remains equal.}) 24. Rfd1 (24. Ra1 $1 $16 {[%cal Ra1a6] aiming for Ra6.} Ra8 25. b3) 24... Bc5 25. Bxc5 Rxc5 (25... Nxc5 $14 26. d6 Rfd8) 26. Qe2 $2 (26. b3 $1 $18 ) 26... Qg5 (26... b3 $11) 27. Ra1 (27. Qe3 $1 $14 g6 28. Nd6 (28. Nxh6 Qxe3 29. fxe3 Kg7 $15) 28... Qxe3 29. fxe3) 27... g6 $11 28. Ne3 Nf4 (28... Qxh5 {simplifies} 29. Qxh5 gxh5 30. Rd2 b3) 29. Qe1 {[%emt 0:01:17] [#]} (29. Qg4 $11 Nxh5 30. Qxg5 hxg5 31. Ra7) 29... c3 $1 $17 30. bxc3 bxc3 (30... Rxc3 $17 31. Rab1 Rfc8) 31. Rac1 $11 gxh5 32. Nf5 (32. Rxc3 $2 Rxc3 33. Ng2 Nh3+ 34. Kh2 Qg4 35. Qxc3 Qxd1 $19) (32. Kf1 $11 Rfc8 33. d6 (33. gxf4 exf4 34. Rd3 fxe3 $17)) 32... Qg4 33. Qe3 $1 (33. Rxc3 $2 Rxc3 34. d6 Qf3 $19) 33... Rc4 {[%emt 0:00:40][%cal Oc4e4] White must now prevent ...Rxe4!} 34. Nxh6 Qg6 {[%emt 0:00:31][%csl LRe4,LRh6][%cal Oc4e4] ...Rxe4! would be deadly. Chess con chili.} (34... Ne2+ 35. Kf1 Qxe4 36. Kxe2 $16 (36. Qxe2 $2 Qh1#)) 35. Nf5 c2 $2 (35... h4 $1 $14) 36. Rd2 $18 Rb8 37. Qe1 $2 (37. Rcxc2 Rb1+ 38. Kh2 Qg4) (37. Rdxc2 $2 Rxc2 38. Rf1 Rbb2 $19) (37. Kh2 $18 Rb1 38. Rdxc2 (38. Rcxc2 Qg4) 38... Rxc1 39. Qxc1 (39. Rxc1 Nxd5 40. Qa3 Rxc1 $16) 39... Rxe4 40. Ne3) 37... Qg4 $36 {[%emt 0:00:22][%mdl 2048] Black has some pressure.} 38. Rdxc2 {[%emt 0:00:49] [#]} (38. Rcxc2 Nh3+ 39. Kh2 Ng5 $19) (38. Ne3 $11 Rxe4 39. d6 (39. Nxg4 Rxe1+ 40. Rxe1 Rb1 $17) (39. Rcxc2 Nh3+ 40. Kg2 Nf4+ 41. Kg1 Qf3 $17) (39. Rdxc2 Qf3 $17)) 38... Rxe4 $1 {[%emt 0:00:39] Black has more active pieces.} 39. Ne3 (39. Rc8+ $2 Rxc8 40. Rxc8+ (40. Qxe4 $2 Rxc1+) 40... Kh7 $19) 39... Qf3 40. Qd1 (40. gxf4 Rg8+ 41. Kf1 exf4 42. Qc3+ Kh7 43. Re1 fxe3 44. Rxe3 Rxe3 45. Qxe3 Qd1+ 46. Qe1 Qxc2 47. Qe3 Qd1+ 48. Qe1 Rg1+ {[%mdl 64] Deflection} 49. Kxg1 Qxe1+ 50. Kg2 h4 51. Kf3 f5 52. Kg2 Qe4+ 53. Kf1 h3 54. f3 Qc2 55. Ke1 h2 56. f4 h1=Q#) ({Of course not} 40. Rc8+ Kh7 41. gxf4 (41. Rxb8 $2 Rxe3 42. gxf4 Qg4+ 43. Kf1 Rxe1+ 44. Rxe1 h4 $19) 41... exf4 $15) 40... Rxe3 (40... Nh3+ {keeps more tension.} 41. Kh2 Qxd1 42. Nxd1 Ng5) 41. Qxf3 (41. fxe3 $11 Qxg3+ 42. Kh1 Qxe3 43. Rc3 Qe4+ 44. Qf3 Qxf3+ 45. Rxf3) 41... Rxf3 $15 {[%emt 0:00:10] Black is slightly better.} 42. gxf4 Rxf4 $11 {[%emt 0:00:44] KRR-KRR} 43. Re1 f6 44. Rc7 Rg8+ 45. Kf1 Rg7 46. Rec1 {[%emt 0:01:55] An entertaining game by Tissir.   Weighted Error Value: White=0.36/Black=0.32} 0-1

[Event "3rd Sharjah Challengers 2023"]
[Site "Sharjah"]
[Date "2023.05.24"]
[Round "8.1"]
[White "Fawzy, Adham"]
[Black "Nigmatov, Ortik"]
[Result "1-0"]
[ECO "C78"]
[WhiteElo "2495"]
[BlackElo "2438"]
[Annotator "TA"]
[PlyCount "57"]
[EventDate "2023.05.16"]
[EventType "swiss"]
[EventCountry "UAE"]
[SourceTitle "playchess.com"]
[Source "ChessBase"]
[SourceQuality "1"]
[TimeControl "5400+30"]

1. e4 e5 2. Nf3 Nc6 3. Bb5 a6 4. Ba4 Nf6 5. O-O Bc5 6. c3 b5 7. Bc2 d5 {The main line 7...d5 scores better than 7...d6. C78: Ruy Lopez: Archangelsk and Möller Defences.} 8. a4 {[%emt 0:00:30][%cal Ba2a4,Ba4b5][%mdl 32] exd5 is the strong threat.} dxe4 (8... Nxe4 9. axb5 Ne7 10. Nxe5 $16) 9. axb5 $1 Bg4 {[%emt 0:00:30][%mdl 64] [#] Pin. White is slightly better.} 10. d4 $146 (10. bxc6 $14 exf3 11. gxf3) ({Predecessor:} 10. bxc6 exf3 11. gxf3 Bh3 12. Re1 O-O 13. Ra5 Qd6 14. b4 Bxf2+ 15. Kxf2 e4 16. Kg1 {1-0 Aronian,L (2782)-Le,Q (2709) Aimchess US Rapid Prelim 2021 (1)}) 10... exf3 $11 11. dxc5 {[%emt 0:00:30] [#]} Nd4 12. cxd4 $14 fxg2 {[%emt 0:00:30] [#]} 13. dxe5 $1 gxf1=Q+ (13... gxf1=R+ 14. Qxf1) 14. Qxf1 Nd7 {[%emt 0:00:30][%csl LRc5,LRe5] And now ...axb5 would win. Black is weak on the dark squares} 15. Ra4 (15. Be4 $14 O-O 16. Qg2 (16. Rxa6 Rb8 $17) (16. bxa6 Nxe5 17. Bxa8 Qxa8 $11) 16... Nxe5 17. Bxa8 Qd1+ 18. Qf1 Qxf1+ 19. Kxf1 Rxa8 20. Nc3) 15... Be6 16. Qg2 {[%emt 0:00:30] Hoping for Rd4.} Nxe5 $2 (16... Nxc5 $11 {and Black stays safe.} 17. Qc6+ (17. Qxg7 Nxa4 18. Qxh8+ Kd7 $11) 17... Nd7) 17. Qxg7 $18 (17. Rxa6 Rxa6 18. bxa6 Bd5 $17) 17... Nf3+ 18. Kf1 Ke7 {[%emt 0:00:30] [#]} (18... Nxh2+ $2 19. Kg2 Rf8 20. Be4 $18) (18... Bh3+ $2 19. Ke2 Rf8 20. Bh6 $18) (18... Kd7 $142) 19. Qg3 $1 (19. bxa6 $2 Rg8 20. Qc3 Rxa6 $19) 19... Qd5 {[%emt 0:00:30] [#] ...Rhg8 would be deadly.} 20. Nc3 $1 (20. Rxa6 $2 Qc4+ 21. Kg2 Rag8 $19) (20. Qxc7+ Ke8 21. Qc6+ (21. Rxa6 Qc4+ 22. Kg2 Nh4+ 23. Kg1 Rg8+) 21... Qxc6 22. bxc6 Nxh2+ 23. Ke2 Bg4+ 24. Kd2 Nf3+ 25. Kc3 h5 $14) 20... Qh5 21. Qxc7+ (21. Rxa6 $2 Nxh2+ 22. Ke1 Nf3+ 23. Ke2 Ne5+ 24. f3 Rhg8 $19) 21... Kf8 22. Qd6+ (22. bxa6 $2 Nxh2+ 23. Ke1 Nf3+ 24. Ke2 Ne5+ 25. Ke1 Nf3+ 26. Ke2 Ne5+ 27. Ke1 Qh1+ 28. Kd2 Nf3+ 29. Ke2 Qxc1 $19) 22... Kg7 23. Qg3+ (23. bxa6 $2 Nxh2+ 24. Ke1 Nf3+ 25. Ke2 Ne5+ 26. Ke1 Rad8 $19) 23... Kf8 {[%emt 0:00:30] White must now prevent ...Rd8.} 24. Be4 $36 {[%emt 0:00:30][%mdl 2048] White is in control. A strong pair of Bishops.} (24. Rxa6 $2 Bc4+ 25. Kg2 Rxa6 26. bxa6 Rg8 $19) (24. bxa6 $2 Rd8 25. a7 Nxh2+ 26. Ke1 Nf3+ $19) 24... Bh3+ 25. Ke2 {[%cal Bf1e2,Be2e1,Be1d2][%mdl 32] Some like it hot. White is much more active. The black rooks are badly placed.} Nd4+ (25... Ne5+ 26. Kd2 Rd8+ 27. Kc2 Rg8) 26. Ke1 {[%emt 0:01:00] White is clearly winning.} Rg8 (26... Rd8 $142 27. Qg5 (27. bxa6 Nc2+ 28. Bxc2 Rg8 $16) 27... Qxg5 28. Bxg5 axb5 29. Bxd8 bxa4) 27. Qd6+ Ke8 28. Rxd4 {[%emt 0:00:30] White wants to mate with Bc6+.} (28. Bxa8 $2 {loses.} Rg1+ 29. Kd2 Rd1+ {[%mdl 64] Decoy} 30. Nxd1 Qe2+ 31. Kc3 Nxb5+ 32. Kb4 Nxd6 33. Bc6+ Kd8 34. cxd6 Qe5 $19) 28... Rg1+ 29. Kd2 {[%emt 0:00:30] Beautiful play by Fawzy!   Weighted Error Value: White=0.12 (very precise) /Black=0.45} 1-0

[Event "3rd Sharjah Challengers 2023"]
[Site "Sharjah"]
[Date "2023.05.24"]
[Round "8.2"]
[White "Sibashvili, Giorgi"]
[Black "Ohanyan, Emin"]
[Result "0-1"]
[ECO "A01"]
[WhiteElo "2408"]
[BlackElo "2444"]
[Annotator "TA"]
[PlyCount "80"]
[EventDate "2023.05.16"]
[EventType "swiss"]
[EventCountry "UAE"]
[SourceTitle "playchess.com"]
[Source "ChessBase"]
[SourceQuality "1"]
[TimeControl "5400+30"]

1. b3 e5 2. Bb2 Nc6 3. c4 Nge7 4. e3 d5 5. cxd5 Nxd5 6. a3 Bd6 7. d3 {[%emt 0:00:39] The modern move. A01: Nimzowitsch-Larsen Opening.} O-O 8. Nf3 {[%emt 0:00:37] Inhibits Qg5.} f5 9. Nbd2 {[%emt 0:01:01] [#] The position is equal.} b5 $146 ({Predecessor:} 9... Qe7 10. b4 Bd7 11. Nc4 b5 12. Nxd6 cxd6 13. g3 a5 14. bxa5 Nxa5 15. Bg2 Nb6 {1-0 Adhiban,B (2660)-Navara,D (2697) MrDodgy Online Inv 2nd blitz 2021 (1.8)}) 10. b4 Kh8 11. d4 (11. Rc1 $5 Bb7 12. Qb3 $11) 11... e4 12. Ne5 Bxe5 (12... f4 $142 13. exf4 (13. Nxc6 $2 fxe3 {[%mdl 64] Discovered Attack} 14. Nxe4 Qh4 $19) 13... Bxe5 14. fxe5 (14. dxe5 Nxf4 15. Nxe4 Qe7 $11) 14... e3) 13. dxe5 $11 f4 $1 $36 {[%emt 0:02:25][%mdl 2048] Black has good play.} 14. Nxe4 (14. Bxb5 $2 Nxe3 15. Qc1 (15. fxe3 $2 Qh4+ 16. Ke2 fxe3 $19) 15... Nxg2+ 16. Kf1 e3 $19) 14... Bf5 15. Qc2 (15. Bxb5 Bxe4 16. Qg4 (16. Bxc6 $2 fxe3 17. fxe3 Bxg2 $19) 16... Nce7 $19) (15. Nf6 $1 $14 {stays ahead.} fxe3 16. Qxd5 (16. Nxd5 $2 exf2+ 17. Kxf2 Bg4+ 18. Kg1 Bxd1 $19) 16... exf2+ 17. Ke2 (17. Kxf2 gxf6 18. Rd1 fxe5 $11 {[%mdl 64] Remove Defender})) 15... fxe3 $17 {[%emt 0:02:57] Black is more active.} 16. f3 $2 {[%emt 0:03:38] [#]} (16. O-O-O exf2 17. h4) 16... Nf4 $1 {[%emt 0:09:52] A dynamic duo of knights.} 17. Rd1 {[%emt 0:06:03] [#]} Qh4+ (17... Bxe4 18. Qxe4 Qh4+ 19. g3 $14) 18. g3 Qh5 19. Be2 (19. Qxc6 $2 Qxf3 20. Rd4 Ng2+ 21. Bxg2 Qxg2 $19) 19... Nxe2 20. Kxe2 {[%emt 0:00:10] [#]} Bg6 $1 21. Rdf1 (21. Qxc6 Qxf3+ 22. Kd3 e2+ 23. Kd4 Bxe4 24. Qe6 exd1=Q+ 25. Rxd1 Rfd8+) 21... Nxe5 22. g4 Qh3 {[%emt 0:01:00][%cal Oa8d8] ( -> ...Rad8!)} (22... Bxe4 23. Qxe4 Qf7 24. Bxe5 $18 (24. Qxe5 Qc4+ 25. Ke1 Qf7 $16)) 23. Bxe5 {[%emt 0:00:57] [#] aiming for Rhg1.} Qg2+ 24. Kd1 (24. Kxe3 $2 {loses.} Qxc2 $19) 24... Rad8+ 25. Kc1 Qxc2+ 26. Kxc2 {[%emt 0:00:02] [#] This costs White the game.} Rxf3 $3 {[%emt 0:00:14][%mdl 576] Remove Defender, Decoy} 27. Rxf3 (27. Rd1 Bxe4+) 27... Bxe4+ 28. Kb2 {[%emt 0:04:50][%cal Oh1d1] Black must now prevent Rd1!} Bxf3 $19 {[%emt 0:00:08][%mdl 4096] Endgame KRB-KRB} 29. Rc1 e2 {[%emt 0:00:51] Strongly threatening ...Rd2+.} (29... Bxg4 $2 {perishes.} 30. Rxc7 e2 31. Bxg7+ Kg8 32. Bc3 $19) 30. Bg3 Bxg4 31. Rxc7 a6 32. Ra7 h5 {[%emt 0:00:31] ...Rd2+ would be deadly.} ({Not} 32... Re8 $2 33. Rxa6 Kg8 34. a4 $19) 33. Kc3 (33. Rxa6 $142 Rd1 34. a4) 33... Rd1 34. Re7 g5 35. h3 Bf3 {[%emt 0:00:34] Hoping for ...h4.} 36. Re3 {[%emt 0:00:54] [#]} Rg1 $1 37. Bf2 Rf1 38. Bg3 h4 39. Be5+ Kh7 40. Kd2 Rd1+ {[%emt 0:00:03] Beautiful play by Ohanyan!   Weighted Error Value: White=0.73/Black=0.10 (very precise)} 0-1

[Event "3rd Sharjah Challengers 2023"]
[Site "Sharjah"]
[Date "2023.05.24"]
[Round "8.3"]
[White "Hesham, Abdelrahman"]
[Black "Begmuratov, Khumoyun"]
[Result "1-0"]
[ECO "E20"]
[WhiteElo "2409"]
[BlackElo "2387"]
[Annotator "TA"]
[PlyCount "225"]
[EventDate "2023.05.16"]
[EventType "swiss"]
[EventCountry "UAE"]
[SourceTitle "playchess.com"]
[Source "ChessBase"]
[SourceQuality "1"]
[TimeControl "5400+30"]

1. d4 Nf6 2. c4 e6 3. Nc3 Bb4 4. f3 c5 5. d5 b5 6. e4 {[%emt 0:00:17][%cal Be2e4,Be4e5,Be5f6][%mdl 32] E20: Nimzo-Indian: 4 g3 and 4 f3.} O-O 7. e5 ({Much weaker is} 7. cxb5 exd5 8. exd5 Re8+ 9. Nge2 a6 $11) 7... exd5 {[%emt 0:07:46] ...Re8 is the strong threat.} 8. exf6 {[%emt 0:06:04] White is slightly better.} d4 $1 {[%emt 0:03:06][%mdl 64] [#] Pin} 9. a3 $1 Ba5 {[%emt 0:00:53][%mdl 64] Pin} 10. b4 $1 {[%emt 0:03:01] Black must now prevent Nd5.} dxc3 11. bxa5 Re8+ 12. Kf2 Qxf6 {[%emt 0:10:56][%cal Oc3c2] ...c2! would be deadly.} 13. Ra2 b4 {[%emt 0:01:50] Black is now going downhill.} 14. Re2 {[%emt 0:13:28] [#]} Rxe2+ $146 ({Black should try} 14... Re6) ({Predecessor:} 14... Rf8 15. Nh3 Nc6 16. Nf4 Ba6 17. axb4 cxb4 18. Nd5 Qh4+ 19. g3 Qxc4 20. Rc2 Qc5+ {0-1 Mekhitarian,K (2568)-L'Ami,E (2631) Olympiad-41 Tromsoe 2014 (8.2)}) 15. Nxe2 {[%emt 0:00:06][%cal Bg1e2,Be2f4,Bf4d5][%mdl 32] aiming for Qd5.} Nc6 16. Nf4 Bb7 (16... Rb8 {was called for.}) 17. Nd5 $18 Qh4+ 18. g3 Qd8 19. axb4 cxb4 20. Qa4 {[%emt 0:00:25] Threatens to win with a6.} Qxa5 (20... Rb8 {keeps fighting.} 21. Be3 (21. Nxb4 $2 {loses.} Nxb4 22. Be2 Bc6 $19) 21... Ba8) 21. Qxa5 {[%emt 0:00:30][%mdl 64] [#] Remove Defender} Nxa5 22. Nxb4 Rc8 23. Be3 Nxc4 24. Bxc4 Rxc4 25. Nc2 Bc6 26. Rb1 f6 27. Rb4 Rxb4 28. Nxb4 Ba4 29. Bxa7 c2 (29... Bd1 $142 30. Ke3 Kf7) 30. Be3 Kf7 31. Ke2 Bb3 32. Kd2 Be6 33. Nxc2 Bd5 34. Nd4 Bb7 35. Kc3 Bd5 36. Kb4 Ba2 37. Kc5 Bb1 38. Kd6 Ke8 39. Nb3 Bc2 40. Nc5 Bd1 41. f4 Bg4 42. Bc1 Bf5 43. Ba3 h5 (43... Bh3 {was necessary.} 44. Bb4 Bg4) 44. Kc7 Bg4 45. Ne4 Kf7 46. Kd6 Bf5 47. Nc3 Bh3 48. Nd5 Be6 49. Ne3 {[%emt 0:00:05] Strongly threatening f5.} Ke8 50. Kc7 Kf7 $2 (50... Ba2 51. Kd6 Bb1) 51. f5 Ba2 52. Kxd7 Bb1 53. Kd6 Be4 54. Kc5 Bd3 55. Kd4 Bb1 56. Bb4 Kg8 57. Nd5 Kf7 58. Ne7 Bc2 59. Ke3 Bb1 60. Kf4 Bc2 61. Nc6 Bb1 62. Nd4 Bd3 63. Kf3 Bb1 (63... Bf1 $142 64. Kf2 Ba6) 64. Kg2 {[%emt 0:00:14] Kh3 would kill now.} Be4+ 65. Kh3 Bd3 66. Kh4 Be4 67. Kxh5 Bb1 68. Kg4 Ba2 69. Kf4 Bb1 70. g4 Ba2 71. h4 Bb1 72. g5 g6 73. Ba5 fxg5+ 74. hxg5 gxf5 75. Nxf5 Kg6 76. Nh4+ Kh5 77. Nf3 Bc2 78. Ne5 Bb1 79. Bd8 Bc2 80. Ke3 Bf5 81. Kd4 Bb1 82. Kd5 Ba2+ 83. Kd6 Bb1 84. Ke6 Ba2+ 85. Kf6 Bb1 86. g6 Bxg6 87. Nxg6 Kg4 88. Ke5 Kg3 89. Ke4 Kg2 90. Bh4 Kh1 91. Kf3 Kg1 92. Bg3 Kh1 93. Ne5 Kg1 94. Ng4 Kh1 95. Nf2+ Kg1 96. Bf4 Kf1 97. Bh2 Ke1 98. Ne4 {[%emt 0:00:06] White mates.} Kd1 99. Ke3 Kc2 100. Nd2 Kc3 101. Bd6 Kc2 102. Be5 Kc1 103. Kd3 Kd1 104. Bg3 Kc1 105. Nc4 Kb1 106. Kc3 Kc1 107. Nb2 Kb1 108. Kb3 Ka1 109. Bf4 Kb1 110. Bd2 Ka1 111. Nc4 Kb1 112. Na3+ Ka1 113. Bc3# {[%emt 0:00:34] Weighted Error Value: White=0.03 (flawless) /Black=0.17 (very precise)} 1-0

[Event "3rd Sharjah Challengers 2023"]
[Site "Sharjah"]
[Date "2023.05.24"]
[Round "8.4"]
[White "Burmakin, Vladimir"]
[Black "Abdurakhmonov, Mukhammadali"]
[Result "1-0"]
[ECO "E91"]
[WhiteElo "2496"]
[BlackElo "2403"]
[Annotator "TA"]
[PlyCount "79"]
[EventDate "2023.05.16"]
[EventType "swiss"]
[EventCountry "UAE"]
[SourceTitle "playchess.com"]
[Source "ChessBase"]
[SourceQuality "1"]
[TimeControl "5400+30"]

1. d4 Nf6 2. Nf3 c5 3. d5 g6 4. c4 Bg7 5. Nc3 O-O 6. e4 d6 7. Be2 Bg4 8. O-O Na6 {[%emt 0:00:30] 8...e6 is the modern continuation.} 9. Bg5 Bxf3 {[%emt 0:00:30] E91: King's Indian: Classical: 6 Be2, unusual replies including 6...c5 and 6...Bg4.} 10. Bxf3 (10. gxf3 $6 Nh5 $11) 10... Nc7 11. Qd2 {[%emt 0:00:30] [#]} a6 $146 {[%emt 0:00:30] White is better.} ({Predecessor:} 11... e5 12. a3 a5 13. Bd1 Qe7 14. Ba4 Rfb8 15. Rae1 Qf8 16. f4 exf4 17. Qxf4 Nfe8 {½-½ Farago,I (2410)-Petenyi,T (2437) HUN-chT 1617 2016 (3.7)}) 12. a4 Rb8 13. Be2 {[%emt 0:00:30] White is more active.} Re8 14. f4 Nd7 15. Bh4 {[%emt 0:00:30] Black is weak on the light squares} Qc8 16. Kh1 Kh8 17. Rad1 Bd4 18. Rf3 e6 (18... f6 $16) 19. dxe6 Nxe6 20. Nd5 Bg7 21. f5 (21. Rh3 $18) 21... Nd4 $16 {[%emt 0:00:30][%cal Oe8e4] [#]} 22. f6 Bf8 $1 $11 23. Ne7 Qc7 24. Rh3 Ne5 25. Bg5 $36 {[%emt 0:00:30][%cal Od2f4][%mdl 2048] Black must now prevent Qf4! White has the initiative.} Ne6 {[%emt 0:00:30][%mdl 8192] Inhibits Qf4. A mistake that costs the game.} ({Black should try} 25... Rxe7 $14 26. fxe7 Bxe7) 26. Nd5 (26. Qxd6 $2 {too greedy.} Qxd6 27. Rxd6 Nxg5 $19) 26... Qd8 27. Bh6 {[%emt 0:00:30] Strongly threatening Bxf8.} Nd7 28. Rf1 g5 29. Bxg5 Nxg5 30. Qxg5 {[%emt 0:00:30][%cal Oh3h7] Threatening mate with Rxh7+!} Ne5 31. Bg4 Ng6 32. Bf5 Re5 33. Qh5 (33. Rff3 $142 Kg8 34. Rxh7 Qa5 35. Nc3 Qxc3 36. bxc3 Rxf5 37. exf5 {[%mdl 64] Pin} Re8 38. Qxg6+ {[%mdl 64] Promotion} (38. fxg6 $2 {leads to mate.} Re1+) 38... fxg6 39. f7+ (39. Rxb7 $2 {gets mated.} Re1+) 39... Kxh7 40. fxe8=Q gxf5 41. Rg3 Kh8 42. Qxf8+ Kh7 43. Qg7#) 33... h6 $18 {[%emt 0:00:30] White is clearly winning.} 34. Qg5 {[%emt 0:00:30] Intending Rxh6+ and mate.} Kg8 35. Qg4 Rxd5 36. exd5 Qxf6 37. Bd3 Qg5 38. Qxg5 hxg5 39. Bxg6 fxg6 40. Re3 {[%emt 0:00:30] Weighted Error Value: White=0.17 (very precise) /Black=0.61} 1-0